 Dungeon Crawl Stone Soup version 0.30.0-29-ga12c61a403 (webtiles) character file.

Game seed: 11752840214565900440

1953 Graphine the Trooper (level 9, -5/80 HPs)
             Began as a Hill Orc Fighter on June 24, 2023.
             Was a Believer of Beogh.
             Slain by an orc warrior
             ... wielding a +3 glaive of freezing
              (11 damage)
             ... on level 6 of the Dungeon.
             The game lasted 00:14:05 (5254 turns).

Graphine the Trooper (Hill Orc Fighter)             Turns: 5254, Time: 00:14:06

Health: -5/80      AC: 14    Str: 23    XL:     9   Next: 19%
Magic:  14/14      EV:  5    Int:  8    God:    Beogh [**....]
Gold:   138        SH:  8    Dex: 10    Spells: 8/8 levels left

rFire   . . .        a - +0 war axe (elec)
rCold   . . .        i - +0 kite shield
rNeg    . . .        c - +1 plate armour
rPois   .            (no helmet)
rElec   .            (no cloak)
rCorr   .            (no gloves)
SInv    .            (no boots)
Will    .....        (no amulet) Stlth
                     (no ring)
HPRegen 0.33/turn    (no ring)
MPRegen 0.14/turn

%: no passive effects
@: no status effects
A: no striking features
a: Renounce Religion, Smiting


You were on level 6 of the Dungeon.
You worshipped Beogh.
Beogh was pleased with you.
You visited 1 branch of the dungeon, and saw 6 of its levels.
You also visited: Sewer.

You collected 358 gold pieces.
You spent 220 gold pieces at shops.

Inventory:

Hand Weapons
 a - a +0 war axe of electrocution (weapon)
 y - the +6 dagger of Integrity {venom, rPois rF+ rC- Str+2}
   (You found it on level 6 of the Dungeon)

   Str:       It affects your strength (+2).
   rF:        It protects you from fire.
   rC:        It makes you vulnerable to cold.
   rPois:     It protects you from poison.
Missiles
 n - 3 throwing nets (quivered)
Armour
 c - a +1 plate armour (worn)
 i - a +0 kite shield (worn)
 x - the +1 leather armour of Roel {rF+ rC+ rN+ rCorr}
   (You found it on level 5 of the Dungeon)

   rF:        It protects you from fire.
   rC:        It protects you from cold.
   rN:        It protects you from negative energy.
   rCorr:     It protects you from acid and corrosion.
Jewellery
 g - a ring of ice
 m - a +6 ring of intelligence
Wands
 r - a wand of iceblast (5)
 s - a wand of digging (3)
 w - a wand of flame (16)
Scrolls
 e - 3 scrolls of teleportation
 u - a scroll of fog
 z - a scroll of identify
Potions
 b - 2 potions of attraction
 d - 4 potions of might
 f - 2 potions of lignification
 h - 2 potions of berserk rage
 j - 3 potions of heal wounds
 k - a potion of curing {unknown}
 l - 2 potions of flight {unknown}
 o - 2 potions of magic {unknown}
 p - 3 potions of haste
 q - a potion of cancellation {unknown}
 t - 2 potions of brilliance {unknown}
 v - a potion of degeneration {unknown}


   Skills:
 * Level 7.6 Fighting
 * Level 7.6 Axes
 * Level 7.0 Armour
 - Level 5.0 Shields
 * Level 7.1 Invocations


You had 8 spell levels left.
You didn't know any spells.
Your spell library contained the following spells:

 Spells                   Type           Power      Damage    Failure   Level
 Ensorcelled Hibernation  Hex/Ice        0%         N/A       100%        2
 Passwall                 Tmut/Erth      0%         N/A       100%        2
 Scorch                   Fire           0%         2d5       100%        2
 Static Discharge         Conj/Air       0%         2-2/arc   100%        2
 Swiftness                Air            0%         N/A       100%        3
 Vhi's Electric Charge    Tloc/Air       0%         N/A       100%        3
 Airstrike                Air            0%         2d(0-16)  100%        4
 Flame Wave               Conj/Fire      0%         2d4       100%        4
 Leda's Liquefaction      Hex/Erth       0%         N/A       100%        4
 Summon Lightning Spire   Summ/Air       0%         N/A       100%        4
 Arcjolt                  Conj/Air       0%         1d10      100%        5
 Lee's Rapid Deconstruct  Erth           0%         3d4*      100%        5
 Plasma Beam              Fire/Air       0%         2x1d11    100%        6
 Statue Form              Tmut/Erth      0%         N/A       100%        6
 Summon Cactus Giant      Summ           0%         N/A       100%        6


Dungeon Overview and Level Annotations

Branches:
Dungeon (6/15)             Temple (0/1) D:4           Sewer (visited)

Altars:
Hepliaklqana
Ru
Sif Muna
Uskayaw

Shops:
D:4 ?


Message History

The orc warrior shoots a bolt.
The bolt barely misses you.
The bolt hits the orc.
The orc attacks as you move away! The orc hits you but does no damage.
The orc wizard hits you but does no damage.
The orc warrior unwields a +0 arbalest.
The orc warrior wields a +3 glaive of freezing.
It glows with a cold blue light!
The orc warrior hits you but does no damage.
Cleave: a) +0 war axe (elec)
Press: ? - help, Dir - move target, f - orc warrior
Aim: an orc warrior, wielding a +3 glaive of freezing, wearing a +0 chain mail and quivering stones (about 43% to evade your +0 war axe of electrocution)
You hit the orc warrior but do no damage.
Lightning courses through the orc warrior!
The orc warrior is heavily wounded.
You miss the orc wizard. You slash the orc!
You kill the orc!
Beogh accepts your kill.
You hit the orc wizard. You block the orc wizard's attack.
The orc wizard gestures at you while chanting.
You easily resist.
The orc warrior hits you with a +3 glaive of freezing!
The orc warrior freezes you. The orc hits you but does no damage.
You block the orc wizard's attack. The orc wizard casts a spell at you.
You easily resist.
Unknown command.
Cleave: a) +0 war axe (elec)
Press: ? - help, Dir - move target, f/p - orc warrior
Aim: an orc warrior, wielding a +3 glaive of freezing, wearing a +0 chain mail and quivering stones (heavily wounded, about 43% to evade your +0 war axe of electrocution)
You closely miss the orc warrior.
The orc warrior is heavily wounded.
You hit the orc wizard. You barely miss the orc. You slash the orc wizard!
You block the orc warrior's attack.
The orc wizard hits you but does no damage.
The orc wizard hits you with a +0 club. The orc hits you but does no damage.
The orc warrior hits you with a +3 glaive of freezing!!
* * * LOW HITPOINT WARNING * * *
The orc warrior freezes you!
You die...
Beogh appreciates the orc warrior's killing of a heretic priest.

..# ..# ##+## ...
##...## #.# ##.....##
####.# ##......)##
##.##.#
.##.........####...#.###
..'...o.o...'...†.......
#...o@o...####...#####
##.......## #..##
##.....## #.## ##...##
#.# ##'## #.# #.# #.#
#.# #.# #.# #.# #.#


You could see an orc warrior, 2 orc wizards and an orc.

Vanquished Creatures
  Eustachio (D:5)
  Edmund (D:5)
  An orc warrior (D:6)
  2 ice beasts
  A phantom (D:5)
  Blork the orc (D:5)
  A kobold brigand (Sewer)
  A bullfrog (D:6)
  A scorpion (D:5)
  2 howler monkeys
  2 jellies
  2 hounds
  An orc priest (D:6)
  Jessica (D:3)
  A gnoll bouda (D:6)
  7 iguanas
  9 orc wizards
  Ijyb (D:5)
  10 adders
  7 gnolls (D:6)
  2 river rats (Sewer)
  A shadow imp (D:6)
  2 white imps (D:6)
  6 worms
  4 dart slugs
  21 orcs
  8 endoplasms
  5 giant cockroaches
  6 goblins
  7 hobgoblins
  4 jackals (D:1)
  A quokka (D:3)
  10 ball pythons
  8 frilled lizards
  24 kobolds
  26 rats
188 creatures vanquished.

Vanquished Creatures (others)
  A hobgoblin (D:4)
  A ball python (D:4)
2 creatures vanquished.

Grand Total: 190 creatures vanquished

Notes
Turn   | Place    | Note
-------+----------+-------------------------------------------
     0 | D:1      | Graphine the Hill Orc Fighter began the quest for the Orb.
     0 | D:1      | Reached XP level 1. HP: 19/19 MP: 1/1
    44 | D:1      | Reached XP level 2. HP: 21/27 MP: 2/2
   139 | D:1      | Reached skill level 1 in Invocations
   291 | D:1      | Reached XP level 3. HP: 32/33 MP: 2/4
   987 | D:2      | Reached XP level 4. HP: 40/40 MP: 5/5
  1049 | D:2      | Found a faded altar of an unknown god.
  1243 | D:3      | Found a sacrificial altar of Ru.
  1268 | D:3      | Found a hazy altar of Hepliaklqana.
  1406 | D:3      | Reached XP level 5. HP: 14/47 MP: 6/6
  1593 | D:3      | Found a glowing drain.
  1593 | D:3      | Noticed Jessica
  1602 | Sewer    | Entered a sewer
  1759 | Sewer    | Identified the +0 ring mail of Refaol {rElec rN+ rCorr
                  | Int-4 Dex+2}
  1895 | Sewer    | Noticed a kobold brigand
  1904 | Sewer    | Killed a kobold brigand
  1905 | Sewer    | Reached skill level 5 in Fighting
  1905 | Sewer    | Reached XP level 6. HP: 32/56 MP: 8/8
  2232 | D:3      | Killed Jessica
  2504 | D:4      | Noticed an ice beast
  2662 | D:3      | Killed an ice beast
  2663 | D:3      | Reached skill level 5 in Axes
  2663 | D:3      | Reached skill level 5 in Armour
  2663 | D:3      | Reached XP level 7. HP: 28/61 MP: 8/10
  2772 | D:4      | Became a worshipper of Beogh the Brigand
  2951 | D:4      | Found a staircase to the Ecumenical Temple.
  3039 | D:4      | Found Fesaiczi's Magic Scroll Boutique.
  3047 | D:4      | Bought a scroll of enchant armour for 97 gold pieces
  3195 | D:4      | Found a shimmering blue altar of Sif Muna.
  3209 | D:4      | Reached * piety under Beogh
  3382 | D:4      | Found a hide-covered altar of Uskayaw.
  3577 | D:4      | Bought a scroll of brand weapon for 123 gold pieces
  3592 | D:5      | Entered Level 5 of the Dungeon
  3638 | D:5      | Noticed Ijyb
  3647 | D:5      | Killed Ijyb
  3649 | D:5      | Reached skill level 5 in Invocations
  3682 | D:5      | Noticed Eustachio
  3695 | D:5      | Killed Eustachio
  3696 | D:5      | Reached XP level 8. HP: 59/70 MP: 10/12
  3714 | D:5      | Noticed Edmund
  3730 | D:5      | Killed Edmund
  4044 | D:5      | Noticed Blork the orc
  4046 | D:5      | Killed Blork the orc
  4064 | D:5      | Identified the +1 leather armour of Roel {rF+ rC+ rN+
                  | rCorr}
  4411 | D:6      | Reached skill level 5 in Shields
  4445 | D:6      | Identified the +6 dagger of Integrity {venom, rPois rF+ rC-
                  | Str+2}
  4730 | D:6      | Reached XP level 9. HP: 72/79 MP: 14/14
  5005 | D:6      | Reached ** piety under Beogh
  5254 | D:6      | Slain by an orc warrior

Illustrated notes

Levels and vault maps discovered:
D:1:      dpeg_arrival_shrine, layout_rooms, minmay_lizard_pond
D:2:      layout_basic, hellmonk_ecumenical_altar_leap_of_faith,
          serial_park_tiny_2
D:3:      layout_basic, lemuel_doored_altar, nicolae_ru_path_of_blood,
          cheibrodos_sewer_entry_bend, uniq_jessica
D:4:      layout_cave_pools, kennysheep_orc_sif_temple,
          mainiacjoe_overflow_paths, minmay_temple_entry_antechambers,
          serial_shops, nicolae_shop_statue_plus
D:5:      layout_rooms, uniq_eustachio, uniq_ijyb, uniq_blork_the_orc,
          uniq_edmund
D:6:      layout_loops_corners, chequers_temple_overflow_statue_of_worship,
          grunt_decor_arrowhead, minmay_diced_spiral, uniq_crazy_yiuf_cottage

Skill      XL: |  1  2  3  4  5  6  7  8  9 |
---------------+----------------------------+-----
Axes           | 3 4 5 6 7 |  7.6
Invocations    | 1 2 3 4 5 6 7 |  7.1
Fighting       | 4 5 6 7 |  7.6
Armour         | 4 5 6 7 |  7.0
Shields        | 4 5 |  5.0

Action                     |  1- 3 |  4- 6 |  7- 9 || total
---------------------------+-------+-------+-------++-------
  Melee: War axe           |    90 |   159 |   250 ||   499
 Invoke: Convert to Beogh  |       |       |     1 ||     1
    Use: Scroll            |     2 |     6 |     5 ||    13
 Armour: Scale mail        |    30 |       |       ||    30
         Chain mail        |    18 |    21 |       ||    39
         Plate armour      |       |    81 |   163 ||   244
  Dodge: Dodged            |    25 |    35 |    45 ||   105
  Block: Buckler           |     5 |       |       ||     5
         Kite shield       |    32 |    82 |    81 ||   195
